 Dungeon Crawl Stone Soup version 0.25.0-9-g26727b657a (webtiles) character file.

Game seed: 3414494982298922403

2445 nihilominus the Cleaver (level 9, -2/81 HPs)
             Began as a Deep Dwarf Fighter on June 16, 2020.
             Was an Initiate of Makhleb.
             Killed from afar by an electric eel (10 damage)
             ... with a bolt of electricity
             ... on level 7 of the Dungeon on June 18, 2020.
             The game lasted 00:17:32 (6425 turns).

nihilominus the Cleaver (Deep Dwarf Fighter)        Turns: 6425, Time: 00:17:32

Health: -2/81      AC: 10    Str: 22    XL:     9   Next: 25%
Magic:  3/3        EV: 11    Int:  9    God:    Makhleb [......]
Gold:   302        SH: 10    Dex: 13    Spells: 8/8 levels left

rFire    . . .     SeeInvis .   p - +2 war axe (freeze)
rCold    + . .     Gourm    .   c - +0 kite shield
rNeg     . . .     Faith    .   b - +0 scale mail
rPois    .         Spirit   .   u - +0 helmet
rElec    .         Reflect  .   (no cloak)
rCorr    .         Harm     .   g - +0 pair of gloves
MR       +....                  (no boots)
Stlth    ..........             (no amulet)
HPRegen  0.00/turn              z - ring of flight
MPRegen  0.08/turn              E - ring of protection from cold

@: non-regenerating
A: damage resistance, heal wounds, sense surroundings 2, no regeneration
a: Heal Wounds, Renounce Religion, Evoke Flight


You were on level 7 of the Dungeon.
You worshipped Makhleb.
Makhleb was noncommittal.
You were full.

You visited 2 branches of the dungeon, and saw 8 of its levels.

You collected 302 gold pieces.

Inventory:

Hand Weapons
 p - a +2 war axe of freezing (weapon)
 A - a +2 mace of protection
Armour
 b - a +0 scale mail (worn)
 c - a +0 kite shield (worn)
 g - a +0 pair of gloves (worn)
 u - a +0 helmet (worn)
Jewellery
 z - a ring of flight (left hand)
 E - a ring of protection from cold (right hand)
Wands
 n - a wand of enslavement (8)
 q - a wand of disintegration (21)
 x - a wand of digging (6)
 D - a wand of iceblast (9)
Scrolls
 a - a scroll of torment {unknown}
 h - 2 scrolls of noise {unknown}
 i - 6 scrolls of remove curse {unknown}
 j - a scroll of magic mapping {unknown}
 l - 2 scrolls of identify
 t - 2 scrolls of enchant armour {unknown}
 w - a scroll of amnesia {unknown}
 y - 2 scrolls of blinking {unknown}
 G - 2 scrolls of teleportation
 H - a scroll of immolation {unknown}
 I - a scroll of fear {unknown}
 K - a scroll of enchant weapon {unknown}
Potions
 d - 2 potions of might
 e - 2 potions of flight {unknown}
 k - 3 potions of stabbing {unknown}
 m - 4 potions of mutation {unknown}
 o - 3 potions of heal wounds
 r - a potion of brilliance {unknown}
 s - 2 potions of lignification {unknown}
 v - 2 potions of haste {unknown}
 B - a potion of invisibility {unknown}
 C - a potion of resistance {unknown}
 F - 2 potions of magic {unknown}
 J - a potion of curing {unknown}
Comestibles
 f - 17 rations


   Skills:
 + Level 5.2 Fighting
 * Level 8.4 Axes
 + Level 6.5 Armour
 + Level 5.2 Dodging
 + Level 6.3 Shields


You had 8 spell levels left.
You didn't know any spells.
Your spell library contained the following spells:

 Spells                   Type           Power        Failure   Level  Hunger
 Magic Dart               Conj           #...         96%         1    ##.....
 Blink                    Tloc           N/A          99%         2    ###....
 Call Imp                 Summ           #.......     99%         2    ###....
 Slow                     Hex            #.......     99%         2    ###....
 Conjure Flame            Conj/Fire      #.......     100%        3    ####...
 Mephitic Cloud           Conj/Pois/Air  #.......     100%        3    ####...


Dungeon Overview and Level Annotations

Branches:
Dungeon (7/15)             Temple (1/1) D:5

Altars:
Ashenzari
Dithmenos
Fedhas
Kikubaaqudgha
Makhleb
Okawaru
Sif Muna
Trog
Uskayaw

Shops:
D:7 *


Innate Abilities, Weirdness & Mutations

You are resistant to damage.
You can heal yourself by infusing magical energy.
You passively map the area around you.
You do not regenerate.


Message History

* * * LOW HITPOINT WARNING * * *
Your magical essence is drained by the effort!
You feel much better.
The electric eel shoots out a bolt of lightning at you!
The bolt of electricity hits the electric eel.
The electric eel completely resists.
The bolt of electricity hits you! The bolt of electricity misses you.
The electric eel shoots out a bolt of lightning at you!
The bolt of electricity hits you!
The electric eel shoots out a bolt of lightning at you!
The bolt of electricity hits the electric eel.
The electric eel completely resists.
The bolt of electricity hits you!
* * * LOW HITPOINT WARNING * * *
The bolt of electricity hits you!
* * * LOW HITPOINT WARNING * * *
The electric eel shoots out a bolt of lightning at you!
The bolt of electricity hits you!
* * * LOW HITPOINT WARNING * * *
The bolt of electricity hits you!
You die...

...# ##.######≈≈%≈≈##..## # ...##
#≈##≈≈≈##≈$$..##...## #
....#######≈#≈;!≈≈#!.PP≈#.....##
....<.....#≈#%$≈≈.#≈P..P#......##
..........#≈#.P.;.#.....#..#.....
.#####....#≈#≈..;P# #.###.... ##
##...#.#.....# *### ##... #
##..#.#.....#####..### ##..
##.##.##..@##≈≈≈..##.## ##.
#..###≈####.≈≈#####...###.. #..#
##≈≈≈..###........#... ##.##
#######....#......... #..#
#....##........# ##..#
#.....#......... #####..##
#............>.. #.......##
#.......####...# .........##
##.....#### #...#


You could see 3 electric eels.

Vanquished Creatures
  A troll (D:5)
  A hippogriff (D:7)
  A water moccasin (D:5)
  2 ice beasts
  2 sky beasts (D:7)
  A black bear (D:6)
  A necrophage (D:7)
  An ogre (D:7)
  2 bullfrogs
  A water moccasin zombie (D:5)
  3 scorpions
  3 crimson imps
  A howler monkey (D:5)
  A centaur zombie (D:5)
  2 orc priests
  A hound (D:5)
  A jelly (D:4)
  Crazy Yiuf (D:4)
  2 bullfrog skeletons
  Ijyb (D:4)
  An iguana (D:7)
  3 worker ants
  6 orc wizards
  A hound zombie (D:5)
  A hound skeleton (D:6)
  A howler monkey zombie (D:3)
  Robin (D:4)
  14 adders
  A shadow imp (D:5)
  2 worms
  A dart slug (D:3)
  6 leopard geckos
  30 orcs
  4 bats
  2 giant cockroaches
  10 goblins
  7 hobgoblins
  9 kobolds
  2 quokkas
  10 frilled lizards
  A giant cockroach zombie (D:5)
  A leopard gecko zombie (D:7)
  2 quokka skeletons (D:4)
  8 rats
153 creatures vanquished.

Vanquished Creatures (others)
  An orc wizard (D:3)
  A plant (D:7)
2 creatures vanquished.

Grand Total: 155 creatures vanquished

Notes
Turn   | Place    | Note
-------+----------+-------------------------------------------
     0 | D:1      | nihilominus the Deep Dwarf Fighter began the quest for the
                  | Orb.
     0 | D:1      | Reached XP level 1. HP: 20/20 MP: 1/1
   128 | D:1      | Reached XP level 2. HP: 27/27 MP: 2/2
   626 | D:2      | Reached XP level 3. HP: 30/33 MP: 3/3
   632 | D:2      | Reached skill level 3 in Axes
   632 | D:2      | Reached skill level 1 in Dodging
   902 | D:2      | Reached XP level 4. HP: 33/42 MP: 4/4
  1896 | D:3      | Reached XP level 5. HP: 49/49 MP: 5/5
  1937 | D:3      | Reached skill level 4 in Axes
  2163 | D:3      | Reached XP level 6. HP: 54/56 MP: 5/5
  2632 | D:4      | Noticed Robin
  2647 | D:4      | Killed Robin
  2684 | D:4      | Found a shattered altar of Ashenzari.
  2770 | D:4      | Found a hide-covered altar of Uskayaw.
  2844 | D:4      | Reached skill level 5 in Axes
  2938 | D:4      | Found a runed translucent door.
  2939 | D:4      | Noticed Crazy Yiuf
  3012 | D:4      | Noticed Ijyb
  3021 | D:4      | Killed Ijyb
  3118 | D:4      | Reached XP level 7. HP: 53/63 MP: 5/5
  3458 | D:4      | Killed Crazy Yiuf
  3648 | D:5      | Entered Level 5 of the Dungeon
  3725 | D:5      | Reached skill level 5 in Armour
  3725 | D:5      | Reached skill level 5 in Shields
  3753 | D:5      | Reached skill level 6 in Axes
  3863 | D:5      | Reached XP level 8. HP: 59/72 MP: 5/5
  4056 | D:5      | Found a staircase to the Ecumenical Temple.
  4071 | Temple   | Entered the Ecumenical Temple
  4165 | Temple   | Became a worshipper of Makhleb the Destroyer
  4333 | D:5      | Noticed a troll
  4343 | D:5      | Killed a troll
  4343 | D:5      | Reached skill level 7 in Axes
  4764 | D:6      | You fall into a shaft and drop 1 floor!
  5238 | D:6      | Found a shimmering blue altar of Sif Muna.
  5347 | D:7      | Found Moto's Elemental Accessories.
  5519 | D:7      | Reached skill level 5 in Fighting
  5612 | D:7      | Noticed a hippogriff
  5636 | D:7      | Reached skill level 8 in Axes
  5636 | D:7      | Gained mutation: You passively map the area around you.
                  | [Deep Dwarf growth]
  5636 | D:7      | Reached XP level 9. HP: 52/81 MP: 6/6
  5641 | D:7      | Reached skill level 5 in Dodging
  6425 | D:7      | Killed from afar by an electric eel

Illustrated notes

Levels and vault maps discovered:
D:1:      psy_arrival_terrarium, layout_rooms, hangedman_abyss_or_decor_stabs
D:2:      layout_basic, first_ration
D:3:      layout_loops_ring
D:4:      layout_loops_ring, nicolae_overflow_hidden_temple,
          uniq_crazy_yiuf_cottage, uniq_robin, uniq_ijyb
D:5:      layout_loops_ring, temple_fountains
D:6:      layout_cave_pods, led_sif_pool
D:7:      cheibrodos_two_vegetables, layout_layer_cave, grunt_ogre_cave,
          nicolae_elemental_shop
Temple:   nicolae_temple_figure_eight

Skill      XL: |  1  2  3  4  5  6  7  8  9 |
---------------+----------------------------+-----
Axes           | 3 4 5 6 8 |  8.4
Dodging        | 1 2 3 4 5 |  5.2
Fighting       | 3 4 5 |  5.2
Armour         | 4 5 6 |  6.5
Shields        | 4 5 6 |  6.3

Action                   |  1- 3 |  4- 6 |  7- 9 || total
-------------------------+-------+-------+-------++-------
Melee: War axe           |   117 |   305 |   247 ||   669
 Abil: Heal Wounds       |     1 |     5 |     9 ||    15
  Use: Scroll            |       |     3 |     4 ||     7
  Eat: Chunk             |       |     3 |     1 ||     4
       Ration            |       |     2 |     4 ||     6
Armor: Scale mail        |    73 |   103 |   127 ||   303
Dodge: Dodged            |    46 |   116 |   105 ||   267
Block: Kite shield       |   110 |   166 |   133 ||   409
